 Dungeon Crawl Stone Soup version 0.22.1-1-ga44c0e56f4 (webtiles) character file.

40156 Jynx the Brawler (level 13, -2/135 HPs)
             Began as a Troll Warper on Oct 25, 2018.
             Was a High Priest of Okawaru.
             Slain by a death yak (15 damage)
             ... on level 5 of the Lair of Beasts.
             The game lasted 00:32:34 (16526 turns).

Jynx the Brawler (Troll Warper)                    Turns: 16526, Time: 00:32:35

Health: -2/135     AC: 11    Str: 27    XL:     13   Next: 73%
Magic:  10/16      EV: 16    Int: 14    God:    Okawaru [*****.]
Gold:   1111       SH:  0    Dex: 11    Spells: 6/16 levels left

rFire    . . .     SeeInvis .     - Unarmed
rCold    + . .     Gourm    +   (no shield)
rNeg     . . .     Faith    .   g - +0 robe "Gaydd" {Int+2}
rPois    .         Spirit   .   l - +1 hat {Int+3}
rElec    .         Reflect  .   O - +4 cloak of Qazlal's Generosity {MR++}
rCorr    .         Harm     .   (gloves unavailable)
MR       ++...                  (boots unavailable)
Stlth    +++.......             (no amulet)
HPRegen  0.72/turn              y - ring of protection from cold
MPRegen  0.15/turn              I - +3 ring of strength

@: heroism, finesse
A: large, unfitting armour, claws 3, fast metabolism 3, gourmand, regeneration
1, shaggy fur 1, tough skin 2
a: Heroism, Finesse, Renounce Religion


You were on level 5 of the Lair of Beasts.
You worshipped Okawaru.
Okawaru was extremely pleased with you.
You were not hungry.

You visited 3 branches of the dungeon, and saw 19 of its levels.

You collected 1111 gold pieces.

Inventory:

Missiles
 d - 5 tomahawks of dispersal (quivered)
 k - 16 tomahawks
Armour
 g - the +0 robe "Gaydd" (worn) {Int+2}
   (Okawaru gifted it to you on level 2 of the Lair of Beasts)

   It affects your intelligence (+2).
 l - a +1 hat of intelligence (worn)
 x - a +2 hat
 O - the +4 cloak of Qazlal's Generosity (worn) {MR++}
   (You found it on level 2 of the Lair of Beasts)

   It affects your resistance to hostile enchantments.
Jewellery
 a - a +4 ring of evasion {unknown}
 m - an uncursed ring of protection from fire {unknown}
 y - a ring of protection from cold (left claw)
 B - an uncursed amulet of guardian spirit
 F - an uncursed ring of wizardry
 G - a +5 amulet of reflection {unknown}
 I - a +3 ring of strength (right claw)
 N - an uncursed ring of wizardry
 P - a +3 ring of dexterity {unknown}
Wands
 w - a wand of acid (21)
 D - a wand of clouds (8)
 E - a wand of random effects (61)
 M - a wand of digging (5)
 Q - a wand of polymorph (11)
Scrolls
 b - 10 scrolls of remove curse
 c - 2 scrolls of blinking
 i - 5 scrolls of fear
 j - a scroll of fog
 n - a scroll of enchant armour
 o - 4 scrolls of teleportation
 s - a scroll of amnesia
 J - a scroll of summoning
 L - a scroll of vulnerability {unknown}
 S - a scroll of acquirement {unknown}
 T - a scroll of silence {unknown}
Potions
 e - a potion of cancellation {unknown}
 h - 2 potions of invisibility
 p - 5 potions of curing
 r - 7 potions of flight
 t - a potion of haste {unknown}
 u - 3 potions of resistance
 v - 4 potions of lignification {unknown}
 z - 6 potions of brilliance {unknown}
 A - a potion of experience {unknown}
 C - a potion of ambrosia {unknown}
 K - 2 potions of might {unknown}
 R - a potion of berserk rage {unknown}
Miscellaneous
 H - a lightning rod (4/4)
Comestibles
 f - 28 rations


   Skills:
 + Level 10.3(15.3) Fighting
 - Level 0.8(5.8) Throwing
 + Level 9.1(14.1) Dodging
 * Level 16.1(21.1) Unarmed Combat
 - Level 2.1 Spellcasting
 - Level 2.1 Translocations
 + Level 5.3 Invocations


You had 6 spell levels left.
You knew the following spells:

 Your Spells              Type           Power        Failure   Level  Hunger
a - Blink                 Tloc           N/A          14%         2    ###....
b - Shroud of Golubria    Chrm/Tloc      #.........   22%         2    ###....
c - Gell's Gravitas       Tloc           #.........   28%         3    ###....
d - Lesser Beckoning      Tloc           #.........   28%         3    ###....

Your spell library contained the following spells:

 Spells                   Type           Power        Failure   Level  Hunger
 Beastly Appendage        Tmut           #.....       24%         1    #......
 Corona                   Hex            #......      24%         1    #......
 Sandblast                Erth           #.....       24%         1    #......
 Teleport Other           Tloc           #.......     28%         3    ###....
 Ensorcelled Hibernation  Hex/Ice        #.....       34%         2    ###....
 Passwall                 Tmut/Erth      #.......     34%         2    ###....
 Sticks to Snakes         Tmut           #.......     34%         2    ###....
 Confuse                  Hex            #.......     56%         3    ###....
 Dazzling Spray           Conj/Hex       #.....       56%         3    ###....
 Spider Form              Tmut/Pois      #.........   56%         3    ###....
 Tukima's Dance           Hex            #.......     56%         3    ###....
 Passage of Golubria      Tloc           N/A          67%         4    #####..
 Leda's Liquefaction      Hex/Erth       #.........   93%         4    #####..
 Alistair's Intoxication  Tmut/Pois      #.......     100%        5    ######.


Dungeon Overview and Level Annotations

Branches:
Dungeon (12/15)            Temple (1/1) D:6            Lair (6/6) D:11
  Swamp (0/4) Lair:2       Spider (0/4) Lair:2        Slime (0/5) Lair:5
    Orc (0/2) D:9

Altars:
Ashenzari
Cheibriados
Dithmenos
Elyvilon
Fedhas
Gozag
Hepliaklqana
Kikubaaqudgha
Makhleb
Nemelex Xobeh
Okawaru
Qazlal
Ru
Sif Muna
Trog
Uskayaw
Vehumet
Wu Jian
Xom
Yredelemnul
Zin
The Shining One
Jiyva

Shops:
D:4 }   D:8 }

Annotations:
D:11 exclusion: 2 statues
Lair:3 3 runed doors, Scypier's ghost, journeyman MiMo
Lair:6 Urug


Innate Abilities, Weirdness & Mutations

You are too large for most types of armour.
You have claws for hands.
Your metabolism is lightning-fast.
You like to eat raw meat.
Your natural rate of healing is unusually fast.
You are covered in fur. (AC +1)
You have very tough skin. (AC +2)


Message History

Okawaru accepts your kill. The death yak gores you!
The dream sheep shake their wool and sparkle.
You feel drowsy...
You fall asleep.
The dream sheep bites you!
You wake up.
* * * LOW HITPOINT WARNING * * *
The dream sheep closely misses you.
There is a stone staircase leading up here.
The death yak misses you.
The dream sheep shake their wool and sparkle.
You feel drowsy...
You fall asleep.
The death yak gores you!!
You wake up.
* * * LOW HITPOINT WARNING * * *
The dream sheep bites you!
* * * LOW HITPOINT WARNING * * *
You climb upwards.
There is a stone staircase leading down here.
Unknown command.
You feel better. The death yak gores you!
You die...

#.##.........#......
####.......##.##P..#
#.....#.#########
##....#### ##
#......##########.
##.........#.#^#.##
#.....##P....#...##
#....####P.....##>† #
##@Y## ##.....##.† #
#Y..######......†## #
##..###.........#.##
##
#....###P..^........
.##
##..#.###............
..######
#..##.##.............
...##..#
##...###..#..<........
......##
#....########P........
......######......#
####......


You could see a death yak and a dream sheep.

Vanquished Creatures
  Snorg (Lair:2)
  Erolcha (D:10)
  Harold (Lair:2)
  8 hydras
  Erica (D:8)
  3 two-headed ogres
  2 death yaks (Lair:6)
  Nergalle (Lair:4)
  An unseen horror (D:11)
  An orb spider (Lair:2)
  An ugly thing (D:10)
  8 elephants
  3 black mambas
  A gargoyle (D:11)
  9 spiny frogs
  A rime drake (Lair:3)
  6 komodo dragons
  A merfolk (D:9)
  A polar bear (Lair:3)
  3 trolls (D:10)
  A hornet (D:7)
  A dream sheep (Lair:6)
  Prince Ribbit (Lair:1)
  2 bog bodies (Lair:2)
  17 blink frogs
  4 hippogriffs
  Sigmund (D:3)
  A wyvern (Lair:4)
  10 yaks
  Eustachio (D:6)
  A basilisk (Lair:1)
  A hungry ghost (D:3)
  A swamp worm (Lair:2)
  Menkaure (D:6)
  3 porcupines
  12 water moccasins
  5 orc warriors
  3 phantoms
  4 ice beasts
  A necrophage (D:11)
  3 black bears
  2 sky beasts
  2 eyes of draining (D:10)
  7 ogres
  6 wolves
  A big kobold (D:12)
  11 crocodiles
  16 bullfrogs
  A wyvern skeleton (D:9)
  3 scorpions
  8 killer bees
  5 electric eels
  4 wights (D:9)
  4 howler monkeys
  7 crimson imps
  2 lava snakes (Lair:5)
  2 centaur zombies
  11 hounds
  2 bullfrog zombies
  5 centaur skeletons
  5 jellies
  4 orc priests
  10 orc wizards
  3 bullfrog skeletons
  3 iguanas
  9 worker ants
  A hound zombie (D:8)
  3 hound skeletons
  A worker ant zombie (D:5)
  10 adders
  4 gnolls (D:2)
  2 shadow imps
  An ooze (D:4)
  An adder zombie (D:6)
  4 adder skeletons
  4 worms
  A dart slug (D:1)
  6 leopard geckos
  38 orcs
  3 ball pythons
  4 bats
  3 giant cockroaches
  2 goblins
  4 hobgoblins
  3 jackals (D:3)
  12 kobolds
  2 quokkas (D:4)
  5 frilled lizards
  A quokka skeleton (D:7)
  6 rats
382 creatures vanquished.

Vanquished Creatures (others)
  A bush (Lair:6)
  15 fungi
  5 plants (Lair:6)
21 creatures vanquished.

Grand Total: 403 creatures vanquished

Notes
Turn   | Place    | Note
-------+----------+-------------------------------------------
     0 | D:1      | Jynx the Troll Warper began the quest for the Orb.
     0 | D:1      | Reached XP level 1. HP: 19/19 MP: 1/1
   239 | D:1      | Reached XP level 2. HP: 28/28 MP: 3/3
   689 | D:2      | Learned a level 2 spell: Blink
   740 | D:2      | Reached skill level 3 in Unarmed Combat
   740 | D:2      | Reached XP level 3. HP: 27/35 MP: 4/4
   839 | D:2      | Reached XP level 4. HP: 31/42 MP: 5/5
  1211 | D:2      | Learned a level 2 spell: Shroud of Golubria
  1482 | D:3      | Noticed a hungry ghost
  1496 | D:3      | Killed a hungry ghost
  1496 | D:3      | Reached skill level 4 in Unarmed Combat
  1496 | D:3      | Reached XP level 5. HP: 48/52 MP: 2/7
  1499 | D:3      | Noticed Sigmund
  1511 | D:3      | Killed Sigmund
  1511 | D:3      | Reached skill level 5 in Unarmed Combat
  1511 | D:3      | Reached XP level 6. HP: 50/61 MP: 1/8
  1608 | D:3      | Found an opulent altar of Gozag.
  1883 | D:4      | Reached skill level 6 in Unarmed Combat
  1883 | D:4      | Reached XP level 7. HP: 59/67 MP: 9/9
  2040 | D:4      | Found Silurhim's Gadget Boutique.
  2176 | D:4      | Found a sparkling altar of Nemelex Xobeh.
  2176 | D:4      | Found a transporter.
  2388 | D:4      | Reached skill level 7 in Unarmed Combat
  2780 | D:5      | Entered Level 5 of the Dungeon
  2869 | D:5      | Reached XP level 8. HP: 69/79 MP: 10/10
  2988 | D:5      | Found a radiant altar of Vehumet.
  3325 | D:5      | Reached skill level 8 in Unarmed Combat
  3592 | D:6      | Found a staircase to the Ecumenical Temple.
  3598 | D:6      | Noticed Menkaure
  3605 | D:6      | Killed Menkaure
  3610 | D:6      | Learned a level 3 spell: Gell's Gravitas
  3614 | D:6      | Learned a level 3 spell: Lesser Beckoning
  3648 | D:6      | Reached skill level 5 in Fighting
  3704 | D:6      | Noticed Eustachio
  3728 | D:6      | Killed Eustachio
  3735 | D:6      | HP: 4/80 [poisoned by Eustachio]
  3740 | D:6      | HP: 2/80 [poisoned by Eustachio]
  3745 | D:6      | HP: 1/80 [poisoned by Eustachio]
  3751 | D:6      | HP: 2/80 [poisoned by Eustachio]
  3757 | D:6      | HP: 4/80 [poisoned by Eustachio]
  4056 | D:6      | Reached skill level 9 in Unarmed Combat
  4256 | D:6      | You fall through a shaft!
  4266 | D:7      | Reached XP level 9. HP: 31/88 MP: 8/11
  4434 | Temple   | Entered the Ecumenical Temple
  4496 | Temple   | Became a worshipper of Warmaster Okawaru
  4582 | D:6      | Found a white marble altar of Elyvilon.
  4585 | D:6      | Found a sacrificial altar of Ru.
  4588 | D:6      | Found a burning altar of Makhleb.
  4591 | D:6      | Found a hide-covered altar of Uskayaw.
  4614 | D:6      | Found a shimmering altar of Xom.
  5209 | D:7      | Found a bloodstained altar of Trog.
  5327 | D:7      | Reached skill level 10 in Unarmed Combat
  5593 | D:7      | Paralysed by a hornet for 3 turns
  5602 | D:7      | Paralysed by a hornet for 1 turns
  5806 | D:7      | Found an ancient bone altar of Kikubaaqudgha.
  5806 | D:7      | Found a faded altar of an unknown god.
  5811 | D:7      | Found a hazy altar of Hepliaklqana.
  5813 | D:7      | Found a faded altar of an unknown god.
  5814 | D:7      | Found a snail-covered altar of Cheibriados.
  5907 | D:8      | Noticed a two-headed ogre
  5916 | D:8      | Killed a two-headed ogre
  5916 | D:8      | Reached * piety under Okawaru
  5971 | D:8      | Noticed Erica
  5978 | D:8      | Killed Erica
  5978 | D:8      | Reached ** piety under Okawaru
  5978 | D:8      | Reached skill level 11 in Unarmed Combat
  5978 | D:8      | Reached XP level 10. HP: 51/100 MP: 9/12
  6113 | D:8      | Found Cez Dio's Gadget Boutique.
  6296 | D:8      | Found a shadowy altar of Dithmenos.
  6536 | D:9      | Found a staircase to the Orcish Mines.
  6639 | D:9      | Reached *** piety under Okawaru
  6643 | D:9      | Found Kelasm's Weapon Boutique.
  6882 | D:9      | Reached skill level 5 in Dodging
  7561 | D:10     | Entered Level 10 of the Dungeon
  7600 | D:10     | Reached skill level 12 in Unarmed Combat
  7605 | D:10     | Reached **** piety under Okawaru
  7947 | D:10     | Noticed a two-headed ogre
  7956 | D:10     | Killed a two-headed ogre
  7956 | D:10     | Reached ***** piety under Okawaru
  7956 | D:10     | Reached XP level 11. HP: 37/110 MP: 5/13
  8118 | D:10     | Noticed Erolcha
  8123 | D:10     | Paralysed by Erolcha for 4 turns
  8134 | D:10     | Killed Erolcha
  8423 | D:10     | You fall through a shaft!
  8428 | D:11     | Noticed a seven-headed hydra
  8441 | D:11     | Killed a ten-headed hydra
  8441 | D:11     | Reached skill level 13 in Unarmed Combat
  8746 | D:11     | Noticed a white ugly thing
  8747 | D:11     | Noticed a two-headed ogre
  8782 | D:10     | Killed a white ugly thing
  8932 | D:10     | Found a stormy altar of Qazlal.
  8992 | D:11     | Found a staircase to the Lair.
  9144 | D:11     | Killed an unseen horror
 10005 | D:11     | Identified the Grimoire of Transmigration and the Rocks
 10088 | D:11     | Killed a two-headed ogre
 10108 | D:11     | Noticed an archer statue
 10322 | D:11     | Noticed an archer statue
 10498 | Lair:1   | Entered Level 1 of the Lair of Beasts
 10557 | Lair:1   | Received a gift from Okawaru
 10620 | Lair:1   | Noticed Prince Ribbit
 10649 | Lair:1   | Killed Prince Ribbit
 10790 | Lair:1   | Reached skill level 14 in Unarmed Combat
 10793 | Lair:1   | Reached XP level 12. HP: 112/122 MP: 12/14
 11295 | Lair:1   | Noticed a five-headed hydra
 11307 | Lair:1   | Killed a nine-headed hydra
 11589 | Lair:1   | HP: 4/123 [blink frog (19)]
 11761 | Lair:2   | Reached skill level 1 in Invocations
 12030 | Lair:2   | Got a faintly glowing cloak
 12041 | Lair:2   | Identified the +4 cloak of Qazlal's Generosity {MR++} (You
                  | found it on level 2 of the Lair of Beasts)
 12151 | Lair:2   | Found a hole to the Spider Nest.
 12190 | Lair:2   | Noticed Harold
 12205 | Lair:2   | Killed Harold
 12205 | Lair:2   | Received a gift from Okawaru
 12210 | Lair:2   | Got a bloodstained robe {god gift}
 12221 | Lair:2   | Identified the +0 robe "Gaydd" {Int+2} (Okawaru gifted it
                  | to you on level 2 of the Lair of Beasts)
 12590 | Lair:2   | Found a staircase to the Swamp.
 12702 | Lair:3   | Found a runed gate.
 12702 | Lair:3   | Found a runed gate.
 12702 | Lair:3   | Found a runed gate.
 12702 | Lair:3   | Noticed Snorg
 12720 | Lair:2   | Killed Snorg
 13141 | Lair:3   | Noticed a four-headed hydra
 13148 | Lair:3   | Killed an eight-headed hydra
 13148 | Lair:3   | Reached skill level 15 in Unarmed Combat
 13604 | Lair:3   | Reached XP level 13. HP: 132/132 MP: 11/15
 13789 | Lair:3   | Noticed Scypier's ghost (journeyman MiMo)
 14044 | Lair:4   | Noticed Nergalle
 14052 | Lair:4   | Killed Nergalle
 14097 | Lair:4   | Received a gift from Okawaru
 14930 | Lair:5   | Reached skill level 10 in Fighting
 15443 | Lair:5   | Found a viscous altar of Jiyva.
 15443 | Lair:5   | Found a staircase to the Slime Pits.
 15772 | Lair:6   | Entered Level 6 of the Lair of Beasts
 15772 | Lair:6   | Noticed Urug
 15947 | Lair:6   | HP: 6/133 [blink frog (9)]
 15959 | Lair:6   | HP: 1/133 [seven-headed hydra (9)]
 16398 | Lair:6   | Reached skill level 5 in Invocations
 16426 | Lair:6   | Reached skill level 16 in Unarmed Combat
 16484 | Lair:6   | Received a gift from Okawaru
 16524 | Lair:6   | HP: 5/135 [dream sheep (8)]
 16526 | Lair:5   | Slain by a death yak

Skill      XL: |  1  2  3  4  5  6  7  8  9 10 11 12 13 |
---------------+----------------------------------------+-----
Fighting       | 2 3 4 5 6 7 8 9 10 | 10.3
Unarmed Combat | 3 4 5 6 7 9 11 12 14 15 16 | 16.1
Spellcasting   | 2 |  2.1
Dodging        | 2 4 5 7 8 9 |  9.1
Invocations    | 3 5 |  5.3
Throwing       | |  0.8
Translocations | |  2.1

Action                   |  1- 3 |  4- 6 |  7- 9 | 10-12 | 13-15 || total
-------------------------+-------+-------+-------+-------+-------++-------
Melee: Unarmed           |    85 |    73 |   292 |   624 |   187 ||  1261
       Punch             |     1 |       |    14 |    40 |    26 ||    81
 Cast: Blink             |     1 |       |       |     1 |       ||     2
       Shroud of Golubri |       |     3 |     5 |     9 |       ||    17
       Lesser Beckoning  |       |       |       |     1 |       ||     1
Invok: Heroism           |       |       |       |    20 |    10 ||    30
       Finesse           |       |       |       |     4 |     6 ||    10
  Use: Scroll            |       |     1 |     6 |     4 |    12 ||    23
       Potion            |       |       |       |     4 |     2 ||     6
 Stab: Sleeping          |       |       |     2 |       |       ||     2
  Eat: Chunk             |     5 |    10 |    40 |    74 |    15 ||   144
       Ration            |       |       |     1 |       |     1 ||     2
Armor: Robe              |    25 |    28 |    74 |   128 |    55 ||   310
Dodge: Dodged            |    41 |    28 |   101 |   347 |   147 ||   664
